 Dungeon Crawl Stone Soup version 0.31-a0-236-g9a0961fb85 (webtiles) character file.

Game seed: 9037635227039543823

71 qw the Shooter (level 4, 0/36 HPs)
             Began as a Minotaur Hexslinger on July 10, 2023.
             Slain by an orc wizard
             ... wielding a +0 dagger
              (2 damage)
             ... on level 2 of the Dungeon.
             The game lasted 00:00:46 (1621 turns).

qw the Shooter (Minotaur Hexslinger)                Turns: 1621, Time: 00:00:47

Health: 0/36       AC:  5    Str: 12    XL:     4   Next: 5%
Magic:  4/4        EV: 11    Int: 10    God:
Gold:   77         SH:  0    Dex: 15    Spells: 4/5 levels left

rFire   . . .        Y - +1 sling
rCold   . . .        (no shield)
rNeg    . . .        d - +0 ring mail
rPois   .            (helmet restricted)
rElec   .            (no cloak)
rCorr   .            (no gloves)
SInv    .            (no boots)
Will    .....        (no amulet) Stlth
                     (no ring)
HPRegen 0.26/turn    (no ring)
MPRegen 0.09/turn

%: no passive effects
@: confused
A: horns 2, retaliatory headbutt
a: no special abilities


You were on level 2 of the Dungeon.
You visited 1 branch of the dungeon, and saw 3 of its levels.

You collected 77 gold pieces.


Innate Abilities, Weirdness & Mutations

You have a pair of horns on your head.
You reflexively headbutt those who attack you in melee.


   Skills:
 - Level 2.0 Fighting
 + Level 4.3 Ranged Weapons
 - Level 1.0 Armour
 - Level 2.1 Dodging
 - Level 1.0 Spellcasting
 - Level 2.0 Hexes


You had 4 spell levels left.
You knew the following spells:

 Your Spells              Type           Power      Damage    Failure   Level
a - Slow                  Hex            16%        N/A       34%         1

Your spell library contained the following spells:

 Spells                   Type           Power      Damage    Failure   Level
 Inner Flame              Hex/Fire       2%         N/A       83%         3
 Portal Projectile        Hex/Tloc       4%         N/A       83%         3
 Cause Fear               Hex            2%         N/A       98%         4

Inventory:

Hand Weapons
 Y - a +1 sling (weapon)
Armour
 d - a +0 ring mail (worn)
Scrolls
 a - a scroll of identify
Potions
 b - a potion of resistance {unknown}
 g - a potion of might {unknown}
 h - a potion of brilliance {unknown}
 i - a potion of mutation {unknown}

Dungeon Overview and Level Annotations

Branches:
Dungeon (3/15)

Altars:

Shops:
D:1 [


Message History

A magic dart appears from out of thin air!
The magic dart hits you.
You shoot a sling bullet. Something hits you.
You shoot a sling bullet.
Something hits you but does no damage. x2
You shoot a sling bullet.
You feel less confused. Something hits you but does no damage.
You shoot a sling bullet. Something hits you.
You shoot a sling bullet. Something hits you. x2
You shoot a sling bullet. Something hits you but does no damage.
You shoot a sling bullet.
You hear some strange, mumbled words.
Something tries to affect you, but you resist.
You shoot a sling bullet.
Something hits you but does no damage. x2
You shoot a sling bullet.
You hear some strange, mumbled words.
A magic dart appears from out of thin air!
The magic dart hits you.
You shoot a sling bullet. Something hits you.
You shoot a sling bullet.
An orc wizard appears from thin air!
Reactivating autopickup.
The orc wizard gestures at you while chanting.
You are confused.
The orc wizard casts a spell at you. The puff of flame hits you!
The orc wizard casts a spell at you. The puff of flame hits you.
The orc wizard hits you but does no damage.
The orc wizard gestures at you while chanting.
You are more confused.
The orc wizard hits you with a +0 dagger.
You die...

.#.#.........##.###.#####
.#.#.........##.###.#####
.#.#........(##.###.#####
.#.#.........##.###.#####
...#.........##.###.#####
####.........##.###.#####
####.........##.###.#####
...'.............>..#####
####............@o.....##
#..........########.##
#########.#########.##
### ##...#########.## ..#
#..###########.## ..#
###.############.## ..#
#...############.## ..#
##.### #.# ### ..# #..#
#######.# #.#


You could see an orc wizard.

Vanquished Creatures
  An adder (D:2)
  A dart slug (D:2)
  6 orcs
  3 endoplasms
  3 giant cockroaches
  6 goblins
  3 hobgoblins
  7 quokkas
  6 ball pythons
  3 frilled lizards
  5 kobolds
  4 rats
48 creatures vanquished.

Notes
Turn   | Place    | Note
-------+----------+-------------------------------------------
     0 | D:1      | qw the Minotaur Hexslinger began the quest for the Orb.
     0 | D:1      | Reached XP level 1. HP: 16/16 MP: 1/1
     0 | D:1      | 0 ||| qw: Version: 0.3-a-52-g30416fa
     0 | D:1      | 0 ||| qw: Game counter: 4855
     0 | D:1      | 0 ||| qw: Melee chars always use a shield: true
     0 | D:1      | 0 ||| qw: God list: Okawaru
     0 | D:1      | 0 ||| qw: Allow faded altars: false
     0 | D:1      | 0 ||| qw: Do Orc after clearing Dungeon:15 true
     0 | D:1      | 0 ||| qw: Do second Lair branch before Depths: true
     0 | D:1      | 0 ||| qw: Lair rune preference: random
     0 | D:1      | 0 ||| qw: Goals: Normal
     0 | D:1      | 0 ||| PLANNING D:1-11
    94 | D:1      | Reached skill level 3 in Ranged Weapons
    97 | D:1      | Reached XP level 2. HP: 23/23 MP: 2/2
   527 | D:1      | Found Xusmyzoa's Antique Armour Shoppe.
   535 | D:1      | 535 ||| SHOPLISTING pair of boots (103 gold, have 30).
   535 | D:1      | 535 ||| SHOPLISTING pair of gloves (103 gold, have 30).
   589 | D:1      | Reached XP level 3. HP: 29/29 MP: 3/3
   597 | D:1      | 597 ||| UPGRADING to +0 ring mail.
   607 | D:1      | 607 ||| DROPPING +0 robe.
   608 | D:1      | 608 ||| READING scroll labelled ICUMEL HEONOE.
   609 | D:1      | 609 ||| READING scroll labelled ZIURUC XUMIVVU.
   610 | D:1      | 610 ||| READING scroll labelled TUCANO NESCHYA.
   611 | D:1      | 611 ||| DRINKING 2 bubbling emerald potions.
   635 | D:1      | 635 ||| DROPPING scroll of poison.
   636 | D:1      | 636 ||| DROPPING potion of lignification.
  1255 | D:2      | Reached skill level 4 in Ranged Weapons
  1364 | D:2      | 1364 ||| DROPPING +6 ring of intelligence.
  1365 | D:2      | 1365 ||| READING scroll labelled PUISAT BOWK.
  1382 | D:3      | 1382 ||| STAIRDANCE
  1429 | D:3      | Reached skill level 1 in Armour
  1454 | D:3      | Reached XP level 4. HP: 31/36 MP: 4/4
  1454 | D:3      | 1454 ||| FLEEEEING.
  1457 | D:3      | 1457 ||| FLEEEEING.
  1458 | D:3      | 1458 ||| FLEEEEING.
  1459 | D:3      | 1459 ||| FLEEEEING.
  1460 | D:3      | 1460 ||| FLEEEEING.
  1467 | D:3      | 1467 ||| FLEEEEING.
  1468 | D:3      | 1468 ||| FLEEEEING.
  1469 | D:3      | 1469 ||| FLEEEEING.
  1470 | D:3      | 1470 ||| FLEEEEING.
  1471 | D:3      | 1471 ||| FLEEEEING.
  1472 | D:3      | 1472 ||| FLEEEEING.
  1473 | D:3      | 1473 ||| FLEEEEING.
  1474 | D:3      | 1474 ||| FLEEEEING.
  1475 | D:3      | 1475 ||| FLEEEEING.
  1476 | D:3      | 1476 ||| STAIRDANCE
  1494 | D:2      | 1494 ||| READING scroll labelled QICLUT MOARUS.
  1497 | D:3      | 1497 ||| STAIRDANCE
  1556 | D:3      | 1556 ||| STAIRDANCE
  1596 | D:3      | 1596 ||| STAIRDANCE
  1599 | D:2      | 1599 ||| Stepping randomly (disturbance).
  1617 | D:2      | HP: 5/36 [orc wizard/puff of flame (8)]
  1618 | D:2      | HP: 2/36 [orc wizard/puff of flame (4)]
  1621 | D:2      | Slain by an orc wizard

Levels and vault maps discovered:
D:1:      scummos_arrival_forest, layout_basic, serial_shops,
          nicolae_diamond_shop, bh_walls_and_bars
D:2:      layout_basic
D:3:      layout_rooms, nicolae_vehumet_radiance, nicolae_gozag_seed_capital,
          serial_shops, shop

Skill      XL: |  1  2  3 |
---------------+----------+-----
Ranged Weapons | 3 4 |  4.3
Fighting       | 2 |  2.0
Armour         | 1 |  1.0
Dodging        | |  2.1
Spellcasting   | |  1.0
Hexes          | |  2.0

Action                     |  1- 3 |  4- 6 || total
---------------------------+-------+-------++-------
   Fire: Sling             |   124 |    27 ||   151
    Use: Scroll            |     4 |     1 ||     5
         Potion            |     1 |       ||     1
 Armour: Robe              |     5 |       ||     5
         Ring mail         |     7 |    14 ||    21
  Dodge: Dodged            |    34 |     3 ||    37

Table legend:
 A = Non-vault XP
 B = Vault XP
 C = Vault XP percentage of total XP
 D = Non-vault monster count
 E = Vault monster count
 F = Vault count percentage of total count
                 A         B        C        D         E       F
            +---------+---------+-------+---------+---------+-------
      Total |     102 |       0 |   0.0 |      48 |       0 |   0.0
            +---------+---------+-------+---------+---------+-------
        D:1 |      44 |       0 |   0.0 |      25 |       0 |   0.0
        D:2 |      39 |       0 |   0.0 |      16 |       0 |   0.0
        D:3 |      19 |       0 |   0.0 |       7 |       0 |   0.0
            +---------+---------+-------+---------+---------+-------
